Map: Ever Dream LE

Players

souL

  • Race: Terran Terran
  • Spawn Location: 7:00

Dear - Winner!

  • Race: Protoss Protoss
  • Spawn Location: 1:00

Event: War Chest Team League

VOD

Have the link to the VOD?

Description

Time

  • Played on: July 31, 2020, 7:21 a.m.
  • Length: 10:22
Show
View Real Time Build Order
Export as new Build Order

souL Terran 

Build Orders:  

Get SALT Encoding   

  12  0:00  SCV  
  13  0:13  SCV  
  14  0:17  Supply Depot  
  14  0:25  SCV  
  15  0:39  Barracks, SCV  
  16  0:44  Refinery  
  16  0:51  SCV  
  17  1:03  SCV  
  18  1:15  SCV  
  19  1:26  Marine  
  19  1:27  Orbital Command  
  20  1:43  Command Center  
  20  1:45  Reaper  
  21  1:53  Supply Depot  
  21  1:55  SCV  
  22  2:02  Bunker  
  22  2:07  SCV  
  23  2:15  Factory  
  23  2:19  SCV  
  23  2:22  Refinery  
  24  2:23  Barracks Reactor  
  24  2:31  SCV  
  25  2:43  SCV  
  26  2:55  SCV  
  26  2:57  Orbital Command  
  27  2:59  Hellion  
  27  3:01  Marine x2  
  27  3:04  Starport  
  31  3:07  SCV  
  32  3:19  Marine x2, SCV  
  35  3:22  Factory Tech Lab  
  35  3:24  SCV  
  35  3:26  Supply Depot  
  36  3:31  SCV  
  37  3:36  SCV  
  37  3:37  Marine  
  37  3:38  Marine  
  40  3:43  SCV  
  40  3:48  SCV  
  42  3:49  Raven  
  42  3:50  Factory Tech Lab  
  42  3:53  Supply Depot  
  44  3:56  SCV  
  44  3:58  Barracks  
  44  4:00  SCV  
  46  4:09  Siege Tank  
  49  4:10  SCV  
  49  4:12  SCV  
  49  4:13  Marine  
  49  4:15  Supply Depot  
  51  4:27  Command Center  
  51  4:28  Armory, SCV  
  51  4:29  SCV  
  53  4:35  Marine x2  
  53  4:38  Refinery  
  55  4:41  SCV, Refinery  
  55  4:45  Siege Tank  
  57  4:47  SCV  
  58  4:53  Supply Depot, SCV  
  58  4:55  Marauder  
  58  4:59  SCV  
  61  5:04  Barracks  
  61  5:05  SCV  
  62  5:11  SCV  
  59  5:14  Stimpack  
  59  5:16  Marauder  
  59  5:17  SCV  
  61  5:22  Marine  
  61  5:23  SCV  
  63  5:29  SCV, Drilling Claws  
  63  5:35  Marine, Engineering Bay  
  66  5:43  SCV  
  66  5:46  Viking, Engineering Bay  
  66  5:48  Marine  
  69  5:50  Marine  
  69  5:52  SCV  
  71  6:00  SCV  
  71  6:01  Marine  
  74  6:04  Orbital Command  
  74  6:06  SCV  
  74  6:07  Marine  
  73  6:12  SCV  
  73  6:17  Marine  
  73  6:18  Missile Turret, SCV  
  76  6:22  Medivac  
  76  6:23  Barracks Tech Lab, Widow Mine  
  76  6:25  SCV  
  81  6:30  SCV  
  82  6:37  Supply Depot  
  82  6:38  Supply Depot  
  82  6:40  Supply Depot x2  
  82  6:43  Combat Shield  
  82  6:45  Barracks  
  82  6:46  Widow Mine  
  84  6:53  Terran Infantry Armor Level 1, Terran Infantry Weapons Level 1  
  84  6:54  SCV  
  84  6:56  Concussive Shells  
  84  6:59  SCV  
  84  7:00  Barracks  
  86  7:03  Marauder, Marine  
  86  7:05  Starport Reactor  
  86  7:06  SCV  
  90  7:10  Orbital Command  
  90  7:11  SCV  
  91  7:15  Factory Reactor  
  91  7:16  Marine  
  91  7:17  Marauder  
  91  7:18  SCV  
  91  7:22  Marine  
  96  7:23  SCV  
  96  7:25  Marauder  
  99  7:30  Bunker, SCV  
  99  7:32  Bunker, Supply Depot  
  99  7:34  Marine  
  99  7:35  Barracks Reactor, SCV  
  99  7:36  SCV  
  103  7:38  Marauder  
  103  7:40  Marine  
  103  7:42  SCV  
  107  7:46  Marauder  
  107  7:47  SCV  
  107  7:48  SCV  
  107  7:50  Marine  
  112  7:52  Marine  
  112  7:55  SCV  
  112  7:58  Marine  
  115  7:59  Marauder, SCV  
  115  8:00  SCV  
  115  8:01  Medivac  
  115  8:04  Widow Mine  
  120  8:08  Marauder  
  120  8:10  Supply Depot, Marine  
  120  8:11  Supply Depot  
  125  8:13  Sensor Tower  
  125  8:14  Widow Mine  
  125  8:16  Medivac  
  125  8:17  SCV  
  125  8:22  SCV  
  125  8:31  Refinery x2  
  125  8:32  Marauder x2, Medivac, Widow Mine  
  125  8:33  Supply Depot  
  133  8:34  SCV  
  133  8:36  Supply Depot, Widow Mine  
  133  8:39  Supply Depot  
  136  8:42  Ghost Academy  
  136  8:43  Starport  
  136  8:45  Marine, SCV x2  
  136  8:46  Marauder  
  141  8:55  Medivac, Widow Mine, SCV  
  146  8:57  Widow Mine  
  148  9:04  Supply Depot x2, Command Center, Marine, SCV  
  148  9:05  Marauder  
  148  9:07  Supply Depot  
  138  9:10  Marauder, Marine  
  138  9:12  Marauder, Marine  
  138  9:13  Marine  
  138  9:16  Widow Mine  
  132  9:19  Widow Mine  
  132  9:22  Marine  
  121  9:26  Marauder  
  121  9:27  SCV  
  121  9:28  Marine  
  121  9:30  Marine, SCV  
  109  9:31  Marine  
  109  9:32  Marauder  
  109  9:33  Marine  
  109  9:38  Widow Mine  
  94  9:40  Marine, Widow Mine  
  73  9:46  Marine  
  73  9:47  Marine x2  
  73  9:49  Marine  
  73  9:51  Marauder  
  75  9:53  Marine  
  75  9:58  Marine  
  75  9:59  Widow Mine  
  76  10:03  Marine  
Show
View Real Time Build Order
Export as new Build Order

Dear Protoss - Winner!

Build Orders: 1 Gate Expand, Zealot Archon, Colossus Rush, Dark Templar Rush 

Get SALT Encoding   

  12  0:00  Probe  
  13  0:12  Probe  
  14  0:17  Pylon  
  14  0:24  Probe (Chrono Boost)  
  15  0:37  Gateway, Probe (Chrono Boost)  
  16  0:44  Probe (Chrono Boost)  
  16  0:46  Assimilator  
  17  0:51  Probe  
  18  1:03  Probe  
  19  1:15  Probe  
  20  1:24  Cybernetics Core  
  20  1:32  Nexus  
  20  1:38  Pylon  
  20  1:41  Probe  
  21  1:47  Assimilator  
  21  1:53  Probe  
  22  1:57  Adept (Chrono Boost)  
  22  2:00  Warp Gate  
  24  2:05  Probe (Chrono Boost)  
  25  2:18  Probe (Chrono Boost)  
  25  2:19  Stalker  
  28  2:26  Probe (Chrono Boost)  
  29  2:31  Twilight Council  
  29  2:32  Probe (Chrono Boost)  
  30  2:44  Probe (Chrono Boost)  
  30  2:50  Probe (Chrono Boost)  
  31  2:53  Probe (Chrono Boost)  
  31  2:57  Probe (Chrono Boost)  
  33  2:58  Probe (Chrono Boost)  
  34  3:10  Probe (Chrono Boost)  
  34  3:12  Robotics Facility  
  36  3:13  Probe (Chrono Boost)  
  36  3:17  Dark Shrine  
  37  3:20  Probe (Chrono Boost)  
  37  3:23  Gateway, Probe (Chrono Boost)  
  37  3:25  Probe (Chrono Boost)  
  39  3:33  Probe  
  40  3:35  Gateway  
  40  3:37  Probe  
  40  3:40  Pylon  
  41  3:43  Assimilator  
  41  3:45  Assimilator  
  41  3:46  Probe  
  42  3:49  Probe  
  42  3:50  Stalker  
  45  3:57  Warp Prism (Chrono Boost)  
  45  4:01  Probe  
  45  4:02  Probe  
  49  4:05  Pylon  
  49  4:13  Probe  
  49  4:14  Probe  
  51  4:24  Stalker  
  51  4:25  Probe  
  51  4:26  Probe  
  51  4:27  Observer  
  51  4:29  Pylon  
  56  4:35  Blink  
  56  4:38  Probe  
  57  4:46  Dark Templar x2  
  57  4:49  Dark Templar  
  63  4:57  Nexus  
  63  4:58  Probe x2  
  65  5:03  Pylon  
  65  5:09  Robotics Bay  
  65  5:10  Probe  
  65  5:11  Probe  
  65  5:21  Observer  
  65  5:23  Probe x2 (Chrono Boost)  
  65  5:24  Forge  
  68  5:32  Sentry  
  68  5:33  Sentry, Forge  
  68  5:35  Probe x2 (Chrono Boost)  
  74  5:39  Pylon  
  74  5:42  Probe x2 (Chrono Boost)  
  76  5:50  Probe x2  
  76  5:51  Protoss Ground Weapons Level 1  
  76  5:55  Pylon  
  78  5:57  Protoss Ground Armor Level 1  
  78  5:59  Colossus (Chrono Boost)  
  78  6:00  Pylon  
  78  6:02  Probe x2  
  86  6:13  Probe  
  86  6:15  Probe x2  
  86  6:16  Gateway  
  89  6:21  Extended Thermal Lance, Gateway  
  89  6:25  Probe  
  90  6:26  Assimilator  
  90  6:27  Assimilator, Probe  
  91  6:33  Gateway  
  91  6:34  Probe  
  91  6:36  Charge  
  91  6:39  Probe  
  93  6:41  Pylon, Probe  
  93  6:46  Archon  
  94  6:47  Colossus (Chrono Boost)  
  94  6:52  Gateway  
  100  6:54  Gateway  
  100  6:57  Pylon  
  100  7:02  Zealot x3  
  106  7:08  Gateway  
  106  7:11  Templar Archives  
  106  7:12  Gateway  
  106  7:23  Nexus  
  106  7:27  Stalker x4  
  117  7:39  Zealot x2  
  117  7:42  Probe x2  
  121  7:53  Observer (Chrono Boost)  
  121  7:55  Zealot  
  117  8:00  High Templar x2  
  117  8:01  High Templar x2  
  121  8:09  Zealot x3  
  121  8:10  Archon x2  
  126  8:13  Zealot x2  
  126  8:16  Probe x3  
  126  8:18  Pylon  
  126  8:19  Pylon  
  133  8:21  Pylon  
  133  8:25  Pylon x2  
  133  8:35  Probe x2  
  135  8:42  High Templar x2, Zealot x2  
  135  8:43  Zealot x3  
  135  8:45  Zealot  
  135  8:46  Archon  
  151  8:49  Zealot x2  
  155  8:56  Probe x4  
  159  9:07  Observer  
  143  9:14  Zealot x8  
  125  9:24  Dark Templar x2  
  121  9:37  Observer  
  117  9:44  Zealot x4  
  117  9:45  Zealot x4  
  131  9:50  Probe x3  
  131  9:51  Probe  
  131  10:00  Nexus  
  107  10:14  Stalker  
  107  10:15  Stalker x8  
Tags
 
Add a new tag
Caveats
  • Supply blocks, unpowered buildings, or Contaminate may cause inaccurate times.
  • Supply counts are checked every 10 seconds.